 Dungeon Crawl Stone Soup version 0.29.0-11-gd7f09526c8 (webtiles) character file.

Game seed: 2701110566181093590

225 Zeldest the Grasshopper (level 6, 0/50 HPs)
             Began as a Meteoran Warper on Sept 3, 2022.
             Was an Initiate of Wu Jian.
             Slain by a scorpion (4 damage)
             ... on level 5 of the Dungeon.
             The game lasted 00:10:53 (1848 turns).

Zeldest the Grasshopper (Meteoran Warper)           Turns: 1848, Time: 00:10:54

Health: 0/50       AC:  6    Str: 14    XL:     6   Next: 45%
Magic:  20/20      EV:  9    Int: 16    God:    Wu Jian [......]
Gold:   193        SH:  0    Dex: 13    Spells: 8/10 levels left

rFire   + + .      SeeInvis .     - Unarmed
rCold   + + .      Faith    .   (no shield)
rNeg    . . .      Spirit   .   c - +0 scale mail
rPois   +          Reflect  .   (no helmet)
rElec   +          Harm     .   i - scarf {rC+ rF+}
rCorr   +          Rampage  .   (no gloves)
Will    .....                   (no boots)
Stlth   ..........              (no amulet)
HPRegen 0.16/turn               n - ring of magical power
MPRegen 0.17/turn               (no ring)

@: confused, lethally poisoned (0 -> -5), resistant, ambrosia-drunk, glowing,
invisible (but backlit and visible)
A: sense surroundings 1, otherworldly, glowing, explore regen
a: Renounce Religion


You were on level 5 of the Dungeon.
You worshipped Wu Jian.
Wu Jian was noncommittal.
You visited 1 branch of the dungeon, and saw 5 of its levels.

You collected 193 gold pieces.

Inventory:

Hand Weapons
 d - a +1 whip of venom
Armour
 a - a +0 leather armour
 c - a +0 scale mail (worn)
 i - a scarf of resistance (worn)
Jewellery
 n - a ring of magical power (left hand)
Scrolls
 g - a scroll of butterflies {unknown}
 h - a scroll of poison {unknown}
 j - a scroll of amnesia
 k - a scroll of blinking
Potions
 b - 2 potions of resistance
 e - a potion of flight
 f - a potion of brilliance


   Skills:
 - Level 2.6 Fighting
 - Level 1.2 Throwing
 - Level 1.2 Armour
 - Level 2.4 Dodging
 + Level 5.2 Unarmed Combat
 - Level 2.6 Spellcasting
 + Level 5.9 Translocations


You had 8 spell levels left.
You knew the following spells:

 Your Spells              Type           Power      Damage    Failure   Level
a - Blink                 Tloc           42%        N/A       11%         2

Your spell library contained the following spells:

 Spells                   Type           Power      Damage    Failure   Level
 Gell's Gravitas          Tloc           21%        N/A       22%         3
 Lesser Beckoning         Tloc           21%        N/A       22%         3
 Teleport Other           Tloc           21%        N/A       22%         3
 Manifold Assault         Tloc           21%        N/A       90%         5
 Conjure Ball Lightning   Conj/Air       1%         3x3d6     100%        6
 Discord                  Hex            1%         N/A       100%        8
 Disjunction              Tloc           10%        N/A       100%        8


Dungeon Overview and Level Annotations

Branches:
Dungeon (5/15) Zot: 1155
 Temple: D:4-7

Altars:
Gozag
Kikubaaqudgha
Wu Jian

Annotations:
D:4 3 runed translucent doors, xian's ghost, amateur TeFi
D:5 Eustachio


Innate Abilities, Weirdness & Mutations

You passively map a small area around you.
You are easily found by Zot.
You glow in the dark.
You regain HP and MP as you explore.


Message History

The scorpion poisons you! The quokka bites you.
* * * LOW HITPOINT WARNING * * *
It was a potion of invisibility.
You become transparent, but the glow from your body prevents you from becoming completely invisible.
* * * LOW HITPOINT WARNING * * *
You feel very sick. The scorpion stings you.
* * * LOW HITPOINT WARNING * * *
The quokka bites you but does no damage.
It was a potion of ambrosia.
You are confused.
You feel invigorated.
* * * LOW HITPOINT WARNING * * *
You feel very sick. The scorpion stings you.
* * * LOW HITPOINT WARNING * * *
The quokka closely misses you.
You miss the scorpion.
The scorpion is heavily wounded.
* * * LOW HITPOINT WARNING * * *
You feel sick.
The scorpion stings you but does no damage.
The quokka bites you but does no damage.
You closely miss the scorpion.
The scorpion is heavily wounded.
* * * LOW HITPOINT WARNING * * *
You feel sick. The scorpion stings you.
* * * LOW HITPOINT WARNING * * *
The quokka bites you.
* * * LOW HITPOINT WARNING * * *
Eustachio gestures wildly while chanting.
You are too confused!
Unknown command.
You closely miss the scorpion.
The scorpion is heavily wounded.
* * * LOW HITPOINT WARNING * * *
You feel sick.
The quokka disappears in a puff of smoke!
The scorpion stings you.
You die...

* * *#.##.####... , ,
.. , , #..#..#...## ,
.# ,, ##.##...###. ,,
rb*,, #...'.### #. * ,
, , @####.†.#####...#.
* 55#...###......... ,
,, ,
*#b..###........... , ,
* #r###............. ,
* #@##..............
##s#..............#
.###.h......@........#
,
......................#
*
.#.....................
*
##.....(..............
, *
#.................... *
* ##...............####
, ##..............#*..


You could see Eustachio, a scorpion, a crimson imp (summoned), an ufetubus
(summoned), 2 quokkas, a jackal and 2 bats.

Vanquished Creatures
  A scorpion (D:5)
  A howler monkey (D:4)
  6 adders
  2 dart slugs
  An orc (D:3)
  3 ball pythons
  4 endoplasms
  A giant cockroach (D:2)
  7 goblins
  5 hobgoblins
  4 jackals
  6 quokkas
  7 bats
  3 frilled lizards (D:1)
  6 kobolds
  6 rats
63 creatures vanquished.

Notes
Turn   | Place    | Note
-------+----------+-------------------------------------------
     0 | D:1      | Zeldest the Meteoran Warper began the quest for the Orb.
     0 | D:1      | Reached XP level 1. HP: 17/17 MP: 5/5
    98 | D:3      | Noticed an orc wizard
   122 | D:2      | Reached XP level 2. HP: 25/25 MP: 6/6
   233 | D:1      | Found a faded altar of an unknown god.
   353 | D:1      | Reached XP level 3. HP: 17/30 MP: 8/8
   414 | D:1      | Learned a level 2 spell: Blink
   574 | D:1      | Reached XP level 4. HP: 6/37 MP: 9/9
  1144 | D:4      | Found a runed translucent gate.
  1150 | D:4      | Found an opulent altar of Gozag.
  1151 | D:4      | Found a runed translucent gate.
  1152 | D:4      | Found a runed translucent gate.
  1152 | D:4      | Noticed xian's ghost (amateur TeFi)
  1152 | D:4      | Noticed a steam dragon
  1207 | D:4      | Reached XP level 5. HP: 20/42 MP: 10/10
  1299 | D:3      | Reached skill level 5 in Translocations
  1317 | D:3      | Found an ornate altar of the Wu Jian Council.
  1325 | D:3      | Became a worshipper of the Wu Jian Council
  1715 | D:5      | Entered Level 5 of the Dungeon
  1761 | D:5      | Reached skill level 5 in Unarmed Combat
  1761 | D:5      | Reached XP level 6. HP: 10/50 MP: 11/11
  1790 | D:5      | Noticed Eustachio
  1795 | D:5      | Found an ancient bone altar of Kikubaaqudgha.
  1845 | D:5      | HP: 1/50 [scorpion (3)]
  1848 | D:5      | Slain by a scorpion

Illustrated notes

Levels and vault maps discovered:
D:1:      beargit_arrival_diablo_church, layout_basic,
          chequers_ecumenical_altar_island
D:2:      layout_basic, minmay_fractal_squares_5
D:3:      minmay_wonky_spiral, layout_loops_ring,
          nicolae_overflow_crystal_walls, nzn_wu_jian_council_hall,
          minmay_misc_feat_rugged, uniq_ijyb, uniq_terence
D:4:      layout_loops_ring, ebering_ghost_gozag, nicolae_underground_beach
D:5:      minmay_skewed_foursquare, layout_layer_cave, old_standard_altar,
          uniq_eustachio

Skill      XL: |  1  2  3  4  5 |
---------------+----------------+-----
Translocations | 4 5 |  5.9
Unarmed Combat | 3 4 5 |  5.2
Fighting       | |  2.6
Throwing       | |  1.2
Armour         | |  1.2
Dodging        | |  2.4
Spellcasting   | |  2.6

Action                   |  1- 3 |  4- 6 || total
-------------------------+-------+-------++-------
Melee: Unarmed           |   122 |   216 ||   338
       Punch             |     1 |     6 ||     7
Throw: Dart              |     3 |     1 ||     4
       Boomerang         |     1 |     6 ||     7
 Cast: Blink             |       |     5 ||     5
Invok: Lunge             |       |     2 ||     2
  Use: Potion            |     3 |     3 ||     6
       Scroll            |       |     2 ||     2
Armor: Leather armour    |    46 |    55 ||   101
       Scale mail        |       |   127 ||   127
Dodge: Dodged            |    62 |   167 ||   229
